 Dungeon Crawl Stone Soup version 0.29-a0-284-gf9362112df (webtiles) character file.

Game seed: 1142184400667974524

135 sammy202020 the Skirmisher (level 5, -16/50 HPs)
             Began as a Naga Fighter on Mar 30, 2022.
             Was an Initiate of Trog.
             Demolished by Menkaure (20 damage)
             ... on level 4 of the Dungeon.
             The game lasted 00:04:29 (2765 turns).

sammy202020 the Skirmisher (Naga Fighter)           Turns: 2765, Time: 00:04:30

Health: -16/50     AC:  9    Str: 19    XL:     5   Next: 18%
Magic:  5/5        EV: 11    Int: 10    God:    Trog [......]
Gold:   183        SH:  4    Dex: 10    Spells: 4/4 levels left

rFire   . . .      SeeInvis +   a - +0 war axe
rCold   . . .      Faith    .   c - +0 buckler
rNeg    . . .      Spirit   .   b - +1 scale mail
rPois   +          Reflect  .   (no helmet)
rElec   .          Harm     .   (no cloak)
rCorr   .          Rampage  .   o - +2 pair of gloves
Will    .....                   (no barding)
Stlth   ..........              (no amulet)
HPRegen 0.16/turn               l - +4 ring of evasion
MPRegen 0.09/turn               (no ring)

@: mighty, very slow
A: AC +1, large, see invisible, deformed body, poison resistance, slowness 2,
spit poison 1, naga tail 1
a: Spit Poison, Renounce Religion


You were on level 4 of the Dungeon.
You worshipped Trog.
Trog was noncommittal.
You visited 1 branch of the dungeon, and saw 4 of its levels.

You collected 183 gold pieces.

Inventory:

Hand Weapons
 a - a +0 war axe (weapon)
 g - a +0 hunting sling
 u - a +0 flail
Armour
 b - a +1 scale mail (worn)
 c - a +0 buckler (worn)
 o - a +2 pair of gloves (worn)
Jewellery
 l - a +4 ring of evasion (left hand)
 s - an amulet of faith
 t - the ring of Gusiopn {Fly rC+ MP+9 Int+4 SInv}
   (You took it off an orc on level 3 of the Dungeon)

   [ring of flight]

   Int:       It affects your intelligence (+4).
   rC:        It protects you from cold.
   MP:        It affects your magic capacity (+9).
   SInv:      It lets you see invisible.
   Fly:       It grants you flight.
Scrolls
 j - a scroll of fog
 k - a scroll of enchant armour
Potions
 f - a potion of haste {unknown}
 m - a potion of degeneration {unknown}
 p - 2 potions of cancellation
 q - a potion of mutation {unknown}
 v - a potion of curing {unknown}


   Skills:
 * Level 4.1 Fighting
 * Level 3.4 Axes
 + Level 2.9 Armour
 + Level 2.9 Shields


You had 4 spell levels left.
You didn't know any spells.
Your spell library was empty.

Dungeon Overview and Level Annotations

Branches:
Dungeon (4/15)
 Temple: D:4-7

Altars:
Okawaru
Trog
Wu Jian

Annotations:
D:4 Menkaure


Innate Abilities, Weirdness & Mutations

Your serpentine skin is tough. (AC +1)
You have supernaturally acute eyesight. (SInv)
Armour fits poorly on your strangely shaped body.
Your system is resistant to poisons. (rPois)
You cover ground very slowly.
You can spit poison.
You have a snake-like lower body.


Message History

Okay, then.
That beam is likely to hit you.
Continue anyway?
Okay, then.
That beam is likely to hit you.
Continue anyway?
Okay, then.
Menkaure closely misses you.
You hit Menkaure.
Menkaure is lightly damaged.
Menkaure gestures at you while chanting.
Pain shoots through your body!
You hit Menkaure.
Menkaure is moderately damaged.
Menkaure barely misses you.
You hit Menkaure.
Menkaure is moderately damaged.
Menkaure gestures wildly while chanting.
Menkaure seems to speed up.
You hit Menkaure.
Menkaure is heavily damaged.
You block Menkaure's attack.
Menkaure sighs, "It doesn't hurt if you pull your brain out of your nose yourself."
You block Menkaure's attack.
You hit Menkaure.
Menkaure is severely damaged.
Menkaure hits you! Menkaure hits you!!
* * * LOW HITPOINT WARNING * * *
You barely miss Menkaure.
Menkaure is severely damaged.
Menkaure completely misses you.
Unknown command.
Okay, then.
You feel very mighty all of a sudden. Menkaure hits you but does no damage.
Menkaure calls on the powers of darkness!
Your body is wracked with pain!
* * * LOW HITPOINT WARNING * * *
You barely miss Menkaure.
Menkaure is heavily damaged.
Menkaure hits you!!
You die...

#........8
####........#
#...<#8###8## #
#....#### ..
#.......# ...
#.......########....
#.......##..........
#.......##..........
#...........@M......
#...................
#.......##....##....
#.......##....# ...
#.......##....# #
#.......##......
#................
#................


You could see Menkaure (fast).

Vanquished Creatures
  An orc priest (D:3)
  3 adders
  A gnoll (D:1)
  3 dart slugs
  9 orcs (D:3)
  7 ball pythons
  5 bats
  6 endoplasms
  2 giant cockroaches
  A goblin (D:2)
  2 hobgoblins (D:2)
  2 kobolds
  4 quokkas
  3 frilled lizards
  3 rats (D:1)
52 creatures vanquished.

Vanquished Creatures (others)
  4 plants
4 creatures vanquished.

Grand Total: 56 creatures vanquished

Notes
Turn   | Place    | Note
-------+----------+-------------------------------------------
     0 | D:1      | sammy202020 the Naga Fighter began the quest for the Orb.
     0 | D:1      | Reached XP level 1. HP: 21/21 MP: 1/1
   348 | D:1      | Reached XP level 2. HP: 28/28 MP: 2/2
   455 | D:1      | Reached XP level 3. HP: 24/34 MP: 3/3
   877 | D:1      | Found a faded altar of an unknown god.
  1006 | D:2      | Found an ornate altar of the Wu Jian Council.
  1177 | D:2      | Reached XP level 4. HP: 44/44 MP: 4/4
  2022 | D:3      | Identified the ring of Gusiopn {Fly rC+ MP+9 Int+4 SInv}
  2143 | D:3      | Identified the +1 hunting sling "Qisat" {freeze, rElec
                  | Dex+2}
  2148 | D:3      | Reached skill level 4 in Fighting
  2148 | D:3      | Reached XP level 5. HP: 38/50 MP: 5/5
  2158 | D:3      | Found a bloodstained altar of Trog.
  2181 | D:3      | Became a worshipper of Trog the Wrathful
  2524 | D:3      | Found an iron altar of Okawaru.
  2754 | D:4      | Noticed Menkaure
  2765 | D:4      | Demolished by Menkaure

Illustrated notes

Levels and vault maps discovered:
D:1:      shiori_shiawase, layout_loops_ring,
          shapermc_ecumenical_altar_mp_urbaneastern, serial_bayou_ford_a,
          chequers_serial_rivers_room_a, minmay_tetromino_o4
D:2:      layout_basic, basic_altar, serial_bayou, serial_bayou_shore_b,
          serial_bayou_shore_b, serial_bayou_lagoon_b, serial_bayou_lake_a
D:3:      layout_basic, amcnicky_altar_gilded, okawaru_metal_pillars_1_2,
          dreamdust_princess_corridor, minmay_checkerbox
D:4:      minmay_door_path, layout_gridville, corexii_hall_statues_s,
          uniq_menkaure, uniq_sigmund

Skill      XL: |  1  2  3  4 |
---------------+-------------+-----
Axes           | 3 |  3.4
Fighting       | 4 |  4.1
Armour         | |  2.9
Shields        | |  2.9

Action                   |  1- 3 |  4- 6 || total
-------------------------+-------+-------++-------
Melee: War axe           |    51 |    62 ||   113
 Abil: Spit Poison       |    16 |    14 ||    30
  Use: Scroll            |       |     7 ||     7
       Potion            |       |     1 ||     1
Armor: Scale mail        |    34 |    23 ||    57
Dodge: Dodged            |    24 |    43 ||    67
Block: Buckler           |    13 |    15 ||    28

Table legend: (Time is in decaauts)
 A = Elapsed time spent in this place.
 B = Non-inter-level travel time spent in this place.
 C = Inter-level travel time spent in this place.
 D = Time resting spent in this place.
 E = Time spent auto-exploring this place.
 F = Levels seen in this place.
 G = Mean time per level.
                   A        B        C        D        E       F      G
               +--------+--------+--------+--------+--------+-----+--------+
         Total |   3710 |   3610 |    100 |      0 |   3103 |   4 |  927.5 |
       Dungeon |   3710 |   3610 |    100 |      0 |   3103 |   4 |  927.5 |
               +--------+--------+--------+--------+--------+-----+--------+

Top non-repeatable levels by time:
     D:1: 1269 daAuts
     D:2: 1215 daAuts
     D:3: 1195 daAuts
     D:4: 29 daAuts
